 Dungeon Crawl Stone Soup version 0.29.1-1-gd02db6906a (webtiles) character file.

Game seed: 17445230835469233107

271 Godmorgon the Magician (level 6, -1/45 HPs)
             Began as a Djinni Ice Elementalist on Oct 2, 2022.
             Slain by Fractals's ghost (15 damage)
             ... on level 3 of the Dungeon.
             The game lasted 00:12:38 (3197 turns).

Godmorgon the Magician (Djinni Ice Elementalist)    Turns: 3197, Time: 00:12:38

Health: -1/45      AC:  9    Str:  7    XL:     6   Next: 47%
Gold:   149        EV: 11    Int: 19    God:
                   SH:  0    Dex: 13

rFire   + + +      SeeInvis .   a - +1 dagger (venom)
rCold   x . .      Faith    .   (no shield)
rNeg    . . .      Spirit   .   i - +1 leather armour {rF+}
rPois   ∞          Reflect  .   (no helmet)
rElec   .          Harm     .   (no cloak)
rCorr   .          Rampage  .   (no gloves)
Will    .....                   (boots unavailable)
Stlth   ++........              (no amulet)
HPRegen 0.15/turn               (no ring)
MPRegen 0.00/turn               (no ring)

@: ice-armoured, freezing walls, flying, very slightly contaminated
A: sickness immunity, fire resistance 2, cold vulnerability 1, float, innate
caster, HP casting, extra vitality 1
a: no special abilities


You were on level 3 of the Dungeon.
You visited 1 branch of the dungeon, and saw 3 of its levels.

You collected 149 gold pieces.

Inventory:

Hand Weapons
 a - a +1 dagger of venom (weapon)
 b - a +0 short sword
Missiles
 j - 3 atropa-tipped darts (quivered)
Armour
 i - a +1 leather armour of fire resistance (worn)
Magical Staves
 g - a staff of fire
Scrolls
 d - a scroll of enchant weapon {unknown}
 k - a scroll of torment {unknown}
 m - a scroll of identify {unknown}
 n - a scroll of immolation {unknown}
 o - a scroll of vulnerability {unknown}
 q - a scroll of fog {unknown}
Potions
 c - 2 potions of curing {unknown}
 e - a potion of haste {unknown}
 f - a potion of attraction {unknown}
 h - a potion of brilliance {unknown}
 l - a potion of flight {unknown}
 p - a potion of might {unknown}


   Skills:
 + Level 2.5 Fighting
 * Level 3.1 Armour
 - Level 2.1 Dodging
 - Level 1.5 Stealth
 * Level 4.5 Spellcasting


You couldn't memorise any spells.
You knew the following spells:

 Your Spells              Type           Power      Damage    Failure   Level
a - Ozocubu's Armour      Ice            21%        N/A       9%          3
b - Wereblood             Tmut           21%        N/A       4%          2
f - Freeze                Ice            84%        1d10      3%          1
h - Hailstorm             Conj/Ice       21%        3d6       28%         4
r - Frozen Ramparts       Ice            42%        1d7       9%          3
s - Sandblast             Erth           42%        2d11      3%          1
Your spell library was empty.

Dungeon Overview and Level Annotations

Branches:
Dungeon (3/15)

Altars:

Shops:
D:3 :

Annotations:
D:3 1 transporter, Fractals's ghost, amateur HOMo


Innate Abilities, Weirdness & Mutations

You are immune to sickness and miasma.
You are immune to poison.
Your flesh is very heat resistant. (rF++)
You are vulnerable to cold. (rC-)
You float through the air rather than walking.
You learn spells naturally, not from books.
Your magical power is your life essence.
You have superior vitality. (+4 MHP)


Message History

The hornet zombie misses you.
The bullfrog skeleton attacks as you move away!
The bullfrog skeleton hits you but does no damage.
Casting: Sandblast (safe; 3% risk of failure)
Confirm with . or Enter, or press ? or * to list all spells.
Casting: Frozen Ramparts (dangerous; 9% risk of failure)
Press: ? - help, Dir - look around, f - activate You miscast Frozen Ramparts.
You are very lightly contaminated with residual magic.
Nothing appears to happen.
The hornet zombie hits you.
Casting: Frozen Ramparts (dangerous; 9% risk of failure)
Confirm with . or Enter, or press ? or * to list all spells.
Casting: Frozen Ramparts (dangerous; 9% risk of failure)
Press: ? - help, Dir - look around, f - activate The walls around you are covered in ice.
The bullfrog skeleton resists.
The wall freezes the bullfrog skeleton.
The bullfrog skeleton completely resists.
The wall freezes the bullfrog skeleton but does no damage.
The wall freezes the hornet zombie but does no damage.
Casting: Frozen Ramparts (dangerous; 9% risk of failure)
Confirm with . or Enter, or press ? or * to list all spells.
A film of ice covers your body!
The wall freezes the bullfrog skeleton but does no damage.
The wall freezes the hornet zombie but does no damage.
The wall freezes Fractals's ghost but does no damage.
Fractals's ghost hits you but does no damage.
You are electrocuted!
Casting: Ozocubu's Armour (dangerous; 9% risk of failure)
Confirm with . or Enter, or press ? or * to list all spells.
Aiming: Sandblast (safe; 3% risk of failure)
Press: ? - help, Shift-Dir - straight line, f - Fractals's ghost
Aim: Fractals's ghost, wielding a weapon of electrocution (87% to hit)
The blast of sand misses Fractals's ghost.
The blast of sand hits the shadow imp!!
You kill the shadow imp!
The bullfrog skeleton resists.
The wall freezes the bullfrog skeleton.
The hornet zombie resists.
The wall freezes the hornet zombie.
The wall freezes Fractals's ghost but does no damage.
Fractals's ghost hits you!
You are electrocuted!
You die...

#.##..#...........#....###>#.
#.....#...........#....###.#.
#.....#..###.###.[#.[......#.
##.#..#..#8#.#8#..#..#.######
#.....#$......$...#..#.#
#..#.©#)....©.....#©...######
#..#..#|...ZZZ..?.#...###....
#.....#..#8#W#8#..#..........
#.##..#..###@###..#...###....
#.##..#...........#..## #####
#.##..#..........©#..#
#.##..#############..####
#.##....................#####
#.##.................##.##...
#.###...##...####..#.##.##.##
#.#..###.............##.##.#.
#.#.## ##....#####...........


You could see Fractals's ghost, a hornet zombie and 2 bullfrog skeletons.

Vanquished Creatures
  A black bear (D:3)
  An orc priest (D:3)
  Jessica (D:2)
  4 adders
  A shadow imp (D:3)
  3 worms (D:2)
  A dart slug (D:2)
  6 orcs
  5 endoplasms
  4 giant cockroaches
  7 hobgoblins
  8 quokkas
  3 ball pythons
  5 bats
  2 frilled lizards (D:1)
  3 goblins
  6 kobolds
  8 rats
69 creatures vanquished.

Notes
Turn   | Place    | Note
-------+----------+-------------------------------------------
     0 | D:1      | Godmorgon the Djinni Ice Elementalist began the quest for
                  | the Orb.
     0 | D:1      | Godmorgon set off with the following spells memorised:
                  | Freeze, Frozen Ramparts, Ozocubu's Armour, Hailstorm.
     0 | D:1      | Reached XP level 1. HP: 15/15 MP: 0/0
   249 | D:1      | Reached XP level 2. HP: 14/22 MP: 0/0
   601 | D:1      | Reached skill level 1 in Fighting
   712 | D:1      | Found a faded altar of an unknown god.
  1093 | D:1      | Reached XP level 3. HP: 26/27 MP: 0/0
  1093 | D:1      | Learned a level 1 spell: Sandblast
  1411 | D:2      | Reached skill level 1 in Armour
  1475 | D:2      | Reached XP level 4. HP: 31/32 MP: 0/0
  1620 | D:2      | Noticed Jessica
  1649 | D:2      | Killed Jessica
  1650 | D:2      | Reached skill level 4 in Spellcasting
  1853 | D:2      | Reached XP level 5. HP: 37/38 MP: 0/0
  1853 | D:2      | Learned a level 2 spell: Wereblood
  2128 | D:3      | Noticed a black bear
  2258 | D:3      | Found a transporter.
  2316 | D:3      | Noticed Fractals's ghost (amateur HOMo)
  2343 | D:3      | Killed a black bear
  2344 | D:3      | Reached XP level 6. HP: 13/45 MP: 0/0
  2742 | D:3      | Found Muleraeru's Book Shoppe.
  3065 | D:3      | Found a transporter.
  3197 | D:3      | Slain by Fractals's ghost

Illustrated notes

Levels and vault maps discovered:
D:1:      shiori_arrival_oz, layout_loops_ring, shapermc_ecumenical_altar_ellora
D:2:      layout_basic, uniq_jessica
D:3:      layout_loops_cross, serial_shops, shop_statue,
          gammafunk_ghost_mausoleum, hangedman_decor_clover_reticule,
          serial_bayou_ford_a, minmay_misc_feat_tower, st_stairs_14,
          grunt_ministairs_2

Skill      XL: |  1  2  3  4  5 |
---------------+----------------+-----
Fighting       | 1 2 |  2.5
Armour         | 1 3 |  3.1
Spellcasting   | 4 |  4.5
Dodging        | |  2.1
Stealth        | |  1.5

Action                   |  1- 3 |  4- 6 || total
-------------------------+-------+-------++-------
Melee: Short sword       |     1 |     1 ||     2
       Dagger            |       |     5 ||     5
       Punch             |       |     1 ||     1
Throw: Dart              |       |     1 ||     1
 Cast: Freeze            |    26 |       ||    26
       Sandblast         |    24 |    56 ||    80
       Frozen Ramparts   |       |     4 ||     4
       Ozocubu's Armour  |       |     1 ||     1
 Stab: Sleeping          |     1 |       ||     1
Armor: Robe              |     3 |       ||     3
       Leather armour    |     4 |     8 ||    12
Dodge: Dodged            |    23 |    18 ||    41
